 Dungeon Crawl Stone Soup version 0.29.1-15-g9cfb28693d (webtiles) character file.

Game seed: 10478808789878052364

2579 croobank the Cutter (level 9, -2/71 HPs)
             Began as a Demigod Fire Elementalist on Mar 16, 2023.
             Killed from afar by a gargoyle (8 damage)
             ... with a stone arrow
             ... in a bailey.
             The game lasted 00:19:51 (8771 turns).

croobank the Cutter (Demigod Fire Elementalist)     Turns: 8771, Time: 00:19:52

Health: -2/71      AC:  5    Str:  9    XL:     9   Next: 10%
Magic:  4/18       EV: 12    Int: 35    God:
Gold:   276        SH:  0    Dex: 11    Spells: 6/16 levels left

rFire   + + .      SeeInvis .   o - +5 short sword "Newtbane" {speed, rF+ rN+ rCorr Dex-3}
rCold   + . .      Faith    .   (no shield)
rNeg    + . .      Spirit   .   R - +0 leather armour {rF+}
rPois   .          Reflect  .   (no helmet)
rElec   .          Harm     .   O - +1 cloak
rCorr   +          Rampage  .   (no gloves)
Will    .....                   (no boots)
Stlth   ++........              (no amulet)
HPRegen 0.21/turn               h - ring of protection from cold
MPRegen 0.16/turn               m - +6 ring of intelligence

@: very slightly contaminated
A: high MP 1, forlorn, divine attributes
a: no special abilities


You were in a bailey.
You visited 1 branch of the dungeon, and saw 7 of its levels.
You also visited: Bailey.

You collected 276 gold pieces.

Inventory:

Hand Weapons
 a - a +0 short sword
 b - a +3 dagger
 g - a +0 rapier
 o - the +5 short sword "Newtbane" (weapon) {speed, rF+ rN+ rCorr Dex-3}
   (You found it on level 2 of the Dungeon)

   Attacks with this weapon are significantly faster.
   Dex:       It affects your dexterity (-3).
   rF:        It protects you from fire.
   rN:        It protects you from negative energy.
   rCorr:     It protects you from acid and corrosion.
 s - a +0 war axe
 v - the +6 long sword "Killer Klown's Doom" {vorpal, Str+4}
   (You found it on level 2 of the Dungeon)

   It inflicts extra damage upon your enemies.
   Str:       It affects your strength (+4).
 x - a +4 flail of protection
 y - a +1 whip of pain
 B - a +1 dagger of electrocution
 P - a +4 long sword of flaming
Missiles
 d - 5 javelins
 e - 2 throwing nets
 l - 2 atropa-tipped darts
 A - 19 poisoned darts
 T - 16 boomerangs of dispersal
Armour
 c - a +0 ring mail
 k - a +1 robe of willpower
 O - a +1 cloak (worn)
 R - a +0 leather armour of fire resistance (worn)
Jewellery
 h - a ring of protection from cold (left hand)
 m - a +6 ring of intelligence (right hand)
 z - a ring of positive energy
 N - a ring of willpower
Wands
 J - a wand of flame (8)
Scrolls
 j - a scroll of noise
 n - 2 scrolls of enchant armour
 w - a scroll of silence
 K - a scroll of fear
 Q - a scroll of blinking
Potions
 i - 3 potions of attraction
 q - 2 potions of might
 u - a potion of mutation
 C - 2 potions of heal wounds
 D - a potion of ambrosia
 F - 2 potions of haste
 G - 2 potions of curing
 H - 2 potions of invisibility
 L - a potion of berserk rage
 S - a potion of magic


   Skills:
 + Level 3.8 Fighting
 * Level 5.4 Short Blades
 + Level 4.5 Dodging
 + Level 4.6 Stealth
 + Level 4.1 Spellcasting
 + Level 4.1 Conjurations
 + Level 5.0 Fire Magic


You had 6 spell levels left.
You knew the following spells:

 Your Spells              Type           Power      Damage    Failure   Level
a - Foxfire               Conj/Fire      100%       2x1d9     1%          1
b - Scorch                Fire           84%        2d9       1%          2
c - Flame Wave            Conj/Fire      39%        2d11      10%         4
d - Inner Flame           Hex/Fire       24%        N/A       7%          3

Your spell library contained the following spells:

 Spells                   Type           Power      Damage    Failure   Level
 Conjure Flame            Conj/Fire      39%        6-21      3%          3
 Sandblast                Erth           14%        2d6       6%          1
 Summon Small Mammal      Summ           28%        N/A       6%          1
 Stone Arrow              Conj/Erth      42%        3d9       9%          3
 Ensorcelled Hibernation  Hex/Ice        14%        N/A       10%         2
 Passwall                 Tmut/Erth      5%         N/A       10%         2
 Call Canine Familiar     Summ           7%         N/A       19%         3
 Portal Projectile        Hex/Tloc       14%        N/A       19%         3
 Spider Form              Tmut/Pois      7%         N/A       19%         3
 Summon Guardian Golem    Hex/Summ       7%         N/A       19%         3
 Tukima's Dance           Hex            7%         N/A       19%         3
 Anguish                  Hex/Necr       3%         N/A       54%         4
 Blade Hands              Tmut           3%         N/A       87%         5


Dungeon Overview and Level Annotations

Branches:
Dungeon (7/15)             Temple (0/1) D:6          Bailey (1/1)

Shops:
D:4 (   D:5 (


Innate Abilities, Weirdness & Mutations

You have an increased reservoir of magic. (+10% MP)
You shall have no god before yourself.
Your divine heritage dramatically boosts your attributes as you level up.


Message History

Your foxfire dissipates! x2
You see here a +0 trident.
Your foxfire dissipates!
You see here a +0 spear.
A gargoyle is nearby!
Casting: Foxfire (safe; 1% risk of failure)
Confirm with . or Enter, or press ? or * to list all spells.
Flames lash the gargoyle.
The gargoyle is moderately damaged.
The gargoyle's fire resistance burns away.
The gargoyle hurls a stone arrow at you.
The stone arrow hits you!!
Casting: Scorch (safe; 1% risk of failure)
Confirm with . or Enter, or press ? or * to list all spells.
You don't know that spell.
Casting: Scorch (safe; 1% risk of failure)
Confirm with . or Enter, or press ? or * to list all spells.
Flames lash the gargoyle but do no damage.
The gargoyle closely misses you.
Casting: Scorch (safe; 1% risk of failure)
Confirm with . or Enter, or press ? or * to list all spells.
Flames lash the gargoyle.
The gargoyle is burned terribly!
The gargoyle is almost destroyed.
The gargoyle barely misses you.
Casting: Scorch (safe; 1% risk of failure)
Confirm with . or Enter, or press ? or * to list all spells.
Flames lash the gargoyle but do no damage.
The gargoyle hits you with a +0 flail!!
Casting: Scorch (safe; 1% risk of failure)
Confirm with . or Enter, or press ? or * to list all spells.
You miscast Scorch.
You are very lightly contaminated with residual magic.
Nothing appears to happen.
The gargoyle hits you with a +0 flail!
* * * LOW HITPOINT WARNING * * *
Casting: Scorch (safe; 1% risk of failure)
Confirm with . or Enter, or press ? or * to list all spells.
Flames lash the gargoyle but do no damage.
The gargoyle hurls a stone arrow at you.
The stone arrow hits you!
You die...

≈≈.# .... .... ≈≈.#
#..♣.♣.######... #≈≈.#
#.............# .≈≈.#
#..♣.........# .≈≈.#
#............# .≈≈.#
+..♣....♣...## .≈≈.#
#.§.♣.....)..##
#########.§♣♣...)....#
....).....§.♣♣..@9♣...#
........§.....)....♣..#
#########.............#
.≈ ...)))......♣..♣..#
.≈≈ .......#+##.......#
.≈≈#...v...# #####...#
.≈≈######### ####


You could see a gargoyle (combustible).

Vanquished Creatures
  Maggie (D:6)
  A wyvern (D:7)
  2 ice beasts
  2 sky beasts (D:6)
  2 black bears (D:5)
  2 ogres
  A phantom (D:5)
  2 kobold brigands (D:6)
  2 scorpions
  2 necrophages (D:5)
  3 killer bees (D:7)
  A howler monkey (D:6)
  A bullfrog zombie (D:6)
  A centaur zombie (D:6)
  A jelly (D:6)
  4 hounds
  4 orc priests
  A gnoll bouda (D:6)
  2 iguanas
  Terence (D:2)
  6 orc wizards
  5 gnolls (D:6)
  4 adders
  2 shadow imps
  A white imp (D:5)
  2 ufetubi
  A worm (D:2)
  4 dart slugs
  19 orcs
  5 bats
  9 endoplasms
  2 giant cockroaches
  10 goblins
  9 hobgoblins
  4 jackals
  2 quokkas (D:5)
  3 training dummies (D:4)
  7 ball pythons
  5 frilled lizards
  12 kobolds
  7 orc zombies (Bailey)
  3 rats (D:1)
158 creatures vanquished.

Vanquished Creatures (others)
  421 foxfires
  3 fungi (D:2)
  4 withered plants (D:5)
428 creatures vanquished.

Grand Total: 586 creatures vanquished

Notes
Turn   | Place    | Note
-------+----------+-------------------------------------------
     0 | D:1      | croobank the Demigod Fire Elementalist began the quest for
                  | the Orb.
     0 | D:1      | Reached XP level 1. HP: 14/14 MP: 5/5
   301 | D:1      | Reached skill level 1 in Conjurations
   596 | D:1      | Reached XP level 2. HP: 20/20 MP: 4/7
   602 | D:1      | Learned a level 2 spell: Scorch
  1247 | D:2      | Noticed Terence
  1254 | D:2      | Killed Terence
  1255 | D:2      | Reached XP level 3. HP: 23/27 MP: 5/8
  1315 | D:2      | Identified the +5 short sword "Newtbane" {speed, rF+ rN+
                  | rCorr Dex-3}
  1380 | D:2      | Reached skill level 1 in Fighting
  1713 | D:2      | Identified the +6 long sword "Killer Klown's Doom" {vorpal,
                  | Str+4}
  2077 | D:3      | Reached XP level 4. HP: 35/35 MP: 2/10
  2384 | D:3      | Learned a level 4 spell: Flame Wave
  3121 | D:4      | Reached skill level 1 in Short Blades
  3268 | D:4      | Reached XP level 5. HP: 40/40 MP: 5/11
  4099 | D:4      | Found Vimex's Firing Range.
  4657 | D:5      | Entered Level 5 of the Dungeon
  4868 | D:5      | Reached XP level 6. HP: 44/48 MP: 3/12
  5127 | D:5      | Reached XP level 7. HP: 19/55 MP: 1/14
  6036 | D:5      | Found Tenoejuy's Weapon Emporium.
  6465 | D:6      | Reached XP level 8. HP: 62/62 MP: 9/16
  6625 | D:6      | Noticed Maggie
  6636 | D:6      | Killed Maggie
  7327 | D:6      | Found a staircase to the Ecumenical Temple.
  7607 | D:6      | Reached skill level 5 in Short Blades
  7976 | D:6      | Learned a level 3 spell: Inner Flame
  8241 | D:7      | Reached XP level 9. HP: 44/71 MP: 0/18
  8372 | D:7      | Reached skill level 5 in Fire Magic
  8462 | D:7      | Found a flagged portal.
  8481 | Bailey   | Entered a bailey
  8760 | Bailey   | Noticed a gargoyle
  8771 | Bailey   | Killed from afar by a gargoyle

Illustrated notes

Levels and vault maps discovered:
D:1:      dpeg_arrival_round_a, layout_basic, grunt_decor_resistance
D:2:      layout_rooms, shapermc_ecumenical_altar_mp_ritualfount,
          minmay_heptomino_h4, uniq_terence
D:3:      layout_loops_ring
D:4:      layout_basic, lemuel_tele_altar,
          mainiacjoe_overflow_concentric_impassable, minmay_liquid_box,
          nicolae_shop_firing_range
D:5:      layout_loops_corners, marbit_many_paths,
          nicolae_qazlal_scattered_showers, kennysheep_mini_moat,
          kiku_gazebo_garden_becter, okawaru_metal_pillars_3, st_stairs_6,
          eino_tiny_chamber, minmay_strange_pillars, grunt_decor_cap,
          nicolae_stop_n_shop_1
D:6:      layout_basic, lemuel_zombie_altar_yredelemnul, temple_fountains,
          minmay_unpleasant_kobolds, uniq_maggie
D:7:      layout_basic, enter_bailey_8, uniq_joseph
Bailey:   bailey_polearm_vampire_castle_hellmonk, bailey

Skill      XL: |  1  2  3  4  5  6  7  8  9 |
---------------+----------------------------+-----
Conjurations   | 1 2 3 4 |  4.1
Stealth        | 2 3 4 |  4.6
Spellcasting   | 2 3 4 |  4.1
Dodging        | 2 3 4 |  4.5
Fighting       | 1 2 3 |  3.8
Fire Magic     | 3 4 5 |  5.0
Short Blades   | 1 2 3 4 5 |  5.4

Action                   |  1- 3 |  4- 6 |  7- 9 || total
-------------------------+-------+-------+-------++-------
Melee: Unarmed           |     3 |       |       ||     3
       Rapier            |     1 |       |       ||     1
       Short sword       |    23 |    42 |    33 ||    98
       Punch             |       |     1 |       ||     1
 Cast: Foxfire           |    49 |    85 |   124 ||   258
       Scorch            |    14 |    39 |    50 ||   103
  Use: Potion            |     1 |     8 |       ||     9
       Scroll            |       |     1 |    19 ||    20
 Stab: Sleeping          |     3 |     1 |       ||     4
Armor: Robe              |     4 |     5 |     8 ||    17
       Skin              |       |    23 |     3 ||    26
Dodge: Dodged            |    15 |    21 |    17 ||    53
